 Dungeon Crawl Stone Soup version 0.20-a0-513-g02c11fc (webtiles) character file.

2350 Klosterheim the Carver (level 9, -1/71 (72) HPs)
             Began as a Demonspawn Abyssal Knight on Jan 22, 2017.
             Was an Elder of Lugonu.
             Slain by a two-headed ogre
             ... wielding a +0 giant spiked club
              (12 damage)
             ... on level 8 of the Dungeon.
             The game lasted 00:09:31 (6469 turns).

Klosterheim the Carver (Demonspawn Abyssal Knight)  Turns: 6469, Time: 00:09:31

HP:   -1/71 (72)    AC: 10    Str: 16    XL:     9   Next: 20%
MP:   13/13         EV:  6    Int: 15    God:    Lugonu [****..]
Gold: 521           SH:  7    Dex: 12    Spells: 8/8 levels left

rFire    + . .     SeeInvis .   e - +10 long sword "Ziypho" {venom, rElec rPois rC++ Int-2}
rCold    + + .     Gourm    .   t - +0 scale mail {rF+}
rNeg     . . .     Faith    .   v - +0 shield
rPois    +         Spirit   .   E - +2 helmet {Int+3}
rElec    +         Reflect  .   (no cloak)
rCorr    .         Harm     .   r - +0 pair of gloves (curse)
MR       .....                  (no boots)
Stlth    ..........             (no amulet)
Regen    0.3/turn               (no ring)
                                (no ring)

@: no status effects
A: claws 2, powered by pain 3
a: Depart the Abyss, Bend Space, Banish, Corrupt, Renounce Religion


You were on level 8 of the Dungeon.
You worshipped Lugonu.
Lugonu was greatly pleased with you.
You were not hungry.

You visited 1 branch of the dungeon, and saw 8 of its levels.
You visited the Abyss 1 time.

You collected 521 gold pieces.

Inventory:

Hand Weapons
 e - the +10 long sword "Ziypho" (weapon) {venom, rElec rPois rC++ Int-2}
   (You found it on level 2 of the Abyss)

   It poisons the flesh of those it strikes.
   It affects your intelligence (-2).
   It greatly protects you from cold.
   It insulates you from electricity.
   It protects you from poison.
Armour
 r - a cursed +0 pair of gloves (worn)
 t - a +0 scale mail of fire resistance (worn)
 v - a +0 shield (worn)
 E - a +2 helmet of intelligence (worn)
Wands
 u - a wand of disintegration (17/24)
 z - a wand of clouds (3/9)
Scrolls
 a - 2 scrolls of enchant weapon {unknown}
 g - 2 scrolls of enchant armour {unknown}
 i - 3 scrolls of remove curse {unknown}
 j - a scroll of fog {unknown}
 k - a scroll of recharging {unknown}
 l - 9 scrolls of identify {unknown}
 o - 4 scrolls of teleportation {unknown}
 y - a scroll of immolation {unknown}
 C - a scroll of fear {unknown}
 D - a scroll of blinking {unknown}
Potions
 f - a potion of invisibility {unknown}
 h - 3 potions of curing {unknown}
 m - a potion of lignification {unknown}
 n - a potion of degeneration {unknown}
 q - 2 potions of heal wounds {unknown}
 s - a potion of mutation {unknown}
 A - 3 potions of might {unknown}
 B - 3 potions of flight {unknown}
Books
 x - a book of Misfortune

   Spells                             Type                      Level
   a - Confusing Touch                Hexes                        1
   b - Confuse                        Hexes                        3
   c - Gell's Gravitas                Hexes/Translocation          3
   d - Petrify                        Transmutation/Earth          4
   e - Metabolic Englaciation         Hexes/Ice                    5
   f - Yara's Violent Unravelling     Hexes/Transmutation          5
Comestibles
 b - 4 fruits
 c - 6 bread rations
 d - 6 meat rations
 p - 8 royal jellies
 w - 2 chunks of flesh


   Skills:
 + Level 7.1 Fighting
 * Level 8.5 Long Blades
   Level 1.7 Axes
 + Level 2.1 Armour
 - Level 0.8 Dodging
 + Level 1.2 Shields
 - Level 6.0 Invocations


You had 8 spell levels left.
You didn't know any spells.

Dungeon Overview and Level Annotations

Branches:
Dungeon (8/15)             Temple (0/1) D:5
   Lair: D:8-11

Altars:
Fedhas
Gozag
Nemelex Xobeh
Ru
Xom

Shops:
D:4 (*


Innate Abilities, Weirdness & Mutations

You have very sharp fingernails.
You are powered by pain.


Message History

You see here a hand axe. x2
Eating one of 3 chunks of flesh.
You eat one of the 3 chunks of flesh.
This raw flesh tastes terrible.
Done exploring.
There is a stone staircase leading down here.
You start resting.
HP restored.
You climb downwards.
The two-headed ogre hits you with a giant spiked club.
The two-headed ogre hits you with a giant spiked club!!
There is a stone staircase leading up, spattered with blood here.
The bullfrog croaks.
You slash the two-headed ogre!
The two-headed ogre looks as sick as possible!
The two-headed ogre is moderately wounded.
The two-headed ogre hits you with a giant spiked club!!
The two-headed ogre hits you with a giant spiked club!
* * * LOW HITPOINT WARNING * * *
The two-headed ogre hits you with a giant spiked club!
You die...

# ..
##### ...
#...#F..
#.≈§≈≈
####.≈#
#....#
#@...#
#O...#
#....#
#....#
#....##
#.....##
#...#..#
#####...#
##...#


You could see a two-headed ogre and a bullfrog.

Vanquished Creatures
  2 ice beasts
  A sky beast (D:7)
  A necrophage (D:7)
  4 ogres
  2 centaurs
  A big kobold (D:7)
  3 bullfrogs
  A water moccasin zombie (D:5)
  2 scorpions (D:6)
  4 killer bees (D:7)
  5 wights (D:6)
  3 howler monkeys
  A crimson imp (D:6)
  An orc wizard (D:3)
  A bullfrog zombie (D:7)
  A jelly (D:7)
  An orc priest (D:7)
  A hound (D:4)
  2 iguanas
  6 worker ants
  A hound skeleton (D:7)
  8 adders
  A shadow imp (D:5)
  2 adder skeletons (D:5)
  3 worms
  A dart slug (D:3)
  4 leopard geckos
  15 orcs
  5 giant cockroaches
  6 hobgoblins
  8 jackals
  7 quokkas
  2 ball pythons
  7 bats
  A frilled lizard (D:4)
  6 goblins
  2 jackal skeletons
  A jackal zombie (D:5)
  8 kobolds
  6 rats
  A fungus (D:3)
138 creatures vanquished.

Vanquished Creatures (others)
  A killer bee (D:7)
1 creature vanquished.

Grand Total: 139 creatures vanquished

Notes
Turn   | Place    | Note
-------+----------+-------------------------------------------
     0 | Abyss:1  | Klosterheim the Demonspawn Abyssal Knight began the quest for the Orb.
     0 | Abyss:1  | Reached XP level 1. HP: 18/18 MP: 2/2
    24 | Abyss:2  | Got a translucent long sword
    51 | Abyss:2  | Noticed a small abomination
    55 | D:1      | Escaped the Abyss
    56 | D:1      | Identified the +10 long sword "Ziypho" {venom, rElec rPois rC++ Int-2} (You found it on level 2 of the Abyss)
   385 | D:1      | Reached * piety under Lugonu
  1076 | D:1      | Gained mutation: You sometimes gain a little power by taking damage. [demonic ancestry]
  1076 | D:1      | Reached XP level 2. HP: 22/24 MP: 4/4
  1140 | D:1      | Reached skill level 1 in Long Blades
  1305 | D:2      | Gained mutation: You sometimes gain power by taking damage. [demonic ancestry]
  1305 | D:2      | Reached XP level 3. HP: 19/29 MP: 5/5
  1647 | D:2      | Reached skill level 2 in Long Blades
  1995 | D:2      | Found a sparkling altar of Nemelex Xobeh.
  1996 | D:2      | Found a blossoming altar of Fedhas.
  2117 | D:3      | Reached XP level 4. HP: 35/35 MP: 6/6
  2118 | D:3      | Reached ** piety under Lugonu
  2295 | D:3      | Gained mutation: You are powered by pain. [demonic ancestry]
  2295 | D:3      | Reached XP level 5. HP: 37/42 MP: 8/8
  2413 | D:3      | Reached skill level 3 in Long Blades
  2874 | D:4      | Found Duidexav's Weapon Shoppe.
  3097 | D:4      | Noticed an ogre
  3101 | D:4      | Killed an ogre
  3101 | D:4      | Gained mutation: You have sharp fingernails. [demonic ancestry]
  3101 | D:4      | Reached XP level 6. HP: 28/48 MP: 9/9
  3296 | D:4      | Found an opulent altar of Gozag.
  3298 | D:4      | Found Gozag's Platinum Reserve.
  3411 | D:4      | Reached skill level 5 in Invocations
  3607 | D:5      | Entered Level 5 of the Dungeon
  3700 | D:5      | Reached skill level 4 in Long Blades
  3769 | D:5      | Reached XP level 7. HP: 28/55 MP: 11/11
  3772 | D:5      | Reached *** piety under Lugonu
  3785 | D:5      | Reached skill level 5 in Long Blades
  3998 | D:5      | Found a staircase to the Ecumenical Temple.
  4050 | D:5      | Reached skill level 5 in Fighting
  4505 | D:6      | Reached skill level 6 in Long Blades
  4505 | D:6      | Reached XP level 8. HP: 19/63 MP: 12/12
  5050 | D:6      | Found a sacrificial altar of Ru.
  5050 | D:6      | Found a shimmering altar of Xom.
  5277 | D:6      | Reached skill level 7 in Long Blades
  5562 | D:7      | Reached **** piety under Lugonu
  5579 | D:7      | Reached skill level 8 in Long Blades
  5914 | D:7      | Gained mutation: You have very sharp fingernails. [demonic ancestry]
  5914 | D:7      | Reached XP level 9. HP: 54/70 MP: 13/13
  6275 | D:8      | Noticed a two-headed ogre
  6303 | D:7      | Reached skill level 1 in Shields
  6469 | D:8      | Slain by a two-headed ogre

Vault maps used:
D:1:      dpeg_arrival_boxes_within_box
D:2:      gammafunk_temple_overflow_pools, hex_large
D:3:      first_bread, minmay_gold_behind_fungi, minmay_misc_feat_alley
D:4:      wad_crossroads, serial_shops, nicolae_shop_trees,
          nicolae_gozag_zags_fifth_avenue
D:5:      minmay_holes
D:6:      amethyst_overflow_temple_binary
D:7:      grunt_ogre_cave, minmay_door_square
D:8:      okawaru_ov_weapons_minmay, kennysheep_mini, lightli_temple_of_fire,
          uniq_joseph

Skill      XL: |  1  2  3  4  5  6  7  8  9 |
---------------+----------------------------+-----
Invocations    | 3 4 5 6 |  6.0
Long Blades    | 1 2 3 4 6 8 |  8.5
Fighting       | 4 5 6 7 |  7.1
Armour         | 2 |  2.1
Shields        | 1 |  1.2
Axes           | |  1.7
Dodging        | |  0.8

Action                   |  1- 3 |  4- 6 |  7- 9 || total
-------------------------+-------+-------+-------++-------
Melee: Long sword        |    60 |    86 |   162 ||   308
Invok: Depart the Abyss  |     1 |       |       ||     1
       Banish            |       |       |     1 ||     1
  Eat: Chunk             |     4 |     5 |     9 ||    18
Armor: Scale mail        |    21 |    40 |    78 ||   139
Dodge: Dodged            |    27 |    30 |    35 ||    92
Block: Shield            |       |     8 |    55 ||    63
       Rpst.: Long sword |     9 |    13 |     6 ||    28
